 Dungeon Crawl Stone Soup version 0.29-a0-234-g0dae59b3db (webtiles) character file.

Game seed: 12543538609443486088

143 sammy202020 the Skirmisher (level 5, -6/42 HPs)
             Began as a Demonspawn Berserker on Mar 2, 2022.
             Was a Believer of Trog.
             Killed from afar by an orc wizard (9 damage)
             ... with a puff of flame
             ... on level 4 of the Dungeon.
             The game lasted 00:05:41 (2954 turns).

sammy202020 the Skirmisher (Demonspawn Berserker)   Turns: 2954, Time: 00:05:42

Health: -6/42      AC: 11    Str: 19    XL:     5   Next: 4%
Magic:  5/5        EV: 10    Int:  9    God:    Trog [**....]
Gold:   133        SH:  0    Dex: 12    Spells: 4/4 levels left

rFire   . . .      SeeInvis .   a - +0 mace
rCold   . . .      Faith    .   p - +0 buckler
rNeg    . . .      Spirit   .   r - +0 scale mail
rPois   .          Reflect  .   (no helmet)
rElec   +          Harm     .   (no cloak)
rCorr   .          Rampage  .   (no gloves)
Will    .....                   g - +0 pair of boots
Stlth   ..........              (no amulet)
HPRegen 0.14/turn               (no ring)
MPRegen 0.09/turn               (no ring)

@: confused, on berserk cooldown, slowed, very slow
A: thin metallic scales 3
a: Renounce Religion, Berserk, Trog's Hand


You were on level 4 of the Dungeon.
You worshipped Trog.
Trog was pleased with you.
You visited 1 branch of the dungeon, and saw 4 of its levels.

You collected 133 gold pieces.

Inventory:

Hand Weapons
 a - a +0 mace (weapon)
Missiles
 b - 6 boomerangs (quivered)
Armour
 g - a +0 pair of boots (worn)
 p - a +0 buckler (worn)
 r - a +0 scale mail (worn)
Scrolls
 c - 2 scrolls of teleportation {unknown}
 d - 2 scrolls of identify {unknown}
 i - a scroll of blinking {unknown}
 l - a scroll of enchant weapon {unknown}
 o - a scroll of magic mapping {unknown}
 q - a scroll of fog {unknown}
Potions
 e - a potion of magic {unknown}
 f - a potion of curing {unknown}
 h - a potion of resistance {unknown}
 j - a potion of berserk rage {unknown}
 k - a potion of flight {unknown}
 m - a potion of heal wounds {unknown}
 n - a potion of brilliance {unknown}


   Skills:
 + Level 3.8 Fighting
 + Level 3.4 Maces & Flails
 + Level 2.6 Armour
 + Level 2.7 Dodging
 + Level 0.7 Shields


You had 4 spell levels left.
You didn't know any spells.
Your spell library was empty.

Dungeon Overview and Level Annotations

Branches:
Dungeon (4/15)
 Temple: D:4-7

Altars:


Innate Abilities, Weirdness & Mutations

You are completely covered in thin metallic scales. (AC +4, rElec)


Message History

* * * LOW HITPOINT WARNING * * *
The orc barely misses you.
You bump into the rock wall.
You hear some strange, mumbled words.
A magic dart appears from out of thin air!
The magic dart hits you.
* * * LOW HITPOINT WARNING * * *
The orc priest closely misses you.
Okay, then.
You completely miss the orc. The orc hits you but does no damage.
You hear some strange, mumbled words.
You are more confused.
The orc priest looks encouraged for a moment.
You sock the orc priest!
The orc priest is severely wounded.
The orc hits you but does no damage. Something hits you.
* * * LOW HITPOINT WARNING * * *
You completely miss something.
The orc priest hits you but does no damage.
The orc hits you but does no damage.
You miss something.
You are no longer berserk.
You are exhausted.
You feel yourself slow down. Something hits you but does no damage.
The orc priest hits you but does no damage.
The orc hits you but does no damage.
You're too confused to move!
Something hits you but does no damage.
The orc priest hits you but does no damage.
The orc hits you but does no damage. Something hits you but does no damage.
You miss something.
The orc priest calls down the wrath of Beogh upon you.
You barely resist. The orc hits you but does no damage.
Something hits you but does no damage.
The orc priest hits you with a +0 dagger.
* * * LOW HITPOINT WARNING * * *
The orc hits you but does no damage.
You hear some strange, mumbled words.
A puff of flame appears from out of thin air!
The puff of flame hits you!
You die...

#.. # #.#
# #.#...#
#.#.#.#.#
#.......#
###.###
#.....#
#.#{#!#
#.#@#[#
#.oo# .
##### ..
.# ##


You could see an orc priest and an orc.

Vanquished Creatures
  An orc wizard (D:3)
  4 adders
  A worm (D:2)
  3 dart slugs
  5 orcs
  10 ball pythons
  7 bats
  6 endoplasms
  A giant cockroach (D:2)
  6 goblins
  4 hobgoblins
  2 jackals (D:1)
  3 kobolds
  3 quokkas (D:3)
  2 frilled lizards
  8 rats
66 creatures vanquished.

Notes
Turn   | Place    | Note
-------+----------+-------------------------------------------
     0 | D:1      | sammy202020 the Demonspawn Berserker began the quest for
                  | the Orb.
     0 | D:1      | Reached XP level 1. HP: 18/18 MP: 1/1
   277 | D:1      | Gained mutation: You are partially covered in thin metallic
                  | scales. (AC +2) [demonic ancestry]
   277 | D:1      | Reached XP level 2. HP: 19/24 MP: 2/2
   553 | D:1      | Found a faded altar of an unknown god.
   918 | D:2      | Gained mutation: You are mostly covered in thin metallic
                  | scales. (AC +3) [demonic ancestry]
   918 | D:2      | Reached XP level 3. HP: 28/29 MP: 3/3
  1981 | D:3      | Reached ** piety under Trog
  1982 | D:3      | Reached XP level 4. HP: 28/35 MP: 4/4
  2942 | D:4      | Gained mutation: You are completely covered in thin
                  | metallic scales. (AC +4, rElec) [demonic ancestry]
  2942 | D:4      | Reached XP level 5. HP: 27/42 MP: 5/5
  2954 | D:4      | Killed from afar by an orc wizard

Illustrated notes

Levels and vault maps discovered:
D:1:      onia_arrival_pyramid, layout_rooms,
          shapermc_ecumenical_altar_mp_urbaneastern
D:2:      layout_basic
D:3:      layout_loops_ring, kennysheep_cluttered_room
D:4:      layout_basic, temple_pool_b, portal_sewer_entry_f,
          hangedman_decor_clover_reticule, nicolae_wooded_promenade

Skill      XL: |  1  2 |
---------------+-------+-----
Dodging        | 2 |  2.7
Armour         | 2 |  2.6
Maces & Flails | 3 |  3.4
Fighting       | |  3.8
Shields        | |  0.7

Action                   |  1- 3 |  4- 6 || total
-------------------------+-------+-------++-------
Melee: Mace              |   134 |    80 ||   214
Throw: Boomerang         |     4 |       ||     4
Invok: Berserk           |       |     2 ||     2
Armor: Animal skin       |    10 |       ||    10
       Leather armour    |    41 |       ||    41
       Ring mail         |    30 |    28 ||    58
       Scale mail        |       |    34 ||    34
Dodge: Dodged            |   128 |    64 ||   192
Block: Buckler           |       |     9 ||     9

Table legend: (Time is in decaauts)
 A = Elapsed time spent in this place.
 B = Non-inter-level travel time spent in this place.
 C = Inter-level travel time spent in this place.
 D = Time resting spent in this place.
 E = Time spent auto-exploring this place.
 F = Levels seen in this place.
 G = Mean time per level.
                   A        B        C        D        E       F      G
               +--------+--------+--------+--------+--------+-----+--------+
         Total |   3017 |   2861 |    156 |      0 |   2117 |   4 |  754.2 |
       Dungeon |   3017 |   2861 |    156 |      0 |   2117 |   4 |  754.2 |
               +--------+--------+--------+--------+--------+-----+--------+

Top non-repeatable levels by time:
     D:3: 1055 daAuts
     D:2: 1031 daAuts
     D:1: 893 daAuts
     D:4: 36 daAuts
